[Event "Serbian League 2024"]
[Site "Bajina Basta"]
[Date "2024.10.03"]
[Round "7.1"]
[White "Predke, Alexandr"]
[Black "Indjic, Aleksandar"]
[Result "1/2-1/2"]
[ECO "B51"]
[WhiteElo "2671"]
[BlackElo "2611"]
[Annotator "TA"]
[PlyCount "171"]
[EventDate "2024.09.26"]
[EventType "team-tourn"]
[EventCountry "SRB"]
[SourceTitle "playchess.com"]
[Source "ChessBase"]
[SourceQuality "1"]
[TimeControl "40/5400+30:1800+30"]

1. e4 c5 2. Nf3 d6 3. Bb5+ Nd7 4. O-O a6 5. Bxd7+ Bxd7 6. c3 Nf6 7. Re1 e6 8. d4 Be7 9. e5 dxe5 10. dxe5 Nd5 11. c4 Nb6 12. Qe2 Bc6 13. Nc3 O-O 14. Ne4 Qc7 15. Bf4 Rfd8 16. h4 Nd7 17. Qe3 Bxe4 18. Qxe4 b5 19. b3 Rab8 20. h5 Qb7 21. h6 bxc4 22. Qxc4 Nb6 23. Qe2 Nd5 24. Bd2 g6 25. Bg5 Rdc8 26. Bxe7 Qxe7 27. Rac1 Qf8 28. Qd2 Rd8 29. Qg5 Nb4 30. Re2 $36 {[%emt 0:01:39][%mdl 2048] White has the initiative.} Rd5 31. Rd2 f5 (31... Nd3 $14) 32. Rxd5 $16 Nxd5 33. Nd2 (33. Qd2 $16) 33... Nb4 $1 $14 34. Nc4 Rd8 {[%emt 0:01:07][%cal Od8d3] Prevents Rd1} 35. a3 $1 Nd3 36. Rd1 Rd5 37. Rd2 f4 38. f3 Qf5 $2 (38... Nxe5 $14 39. Rxd5 Nf7) 39. Qe7 $18 Qf7 40. Qg5 (40. Qd6 $1 $18 Rxd6 41. exd6) 40... Qf5 $16 41. Qe7 (41. Qxf5 $1 $16 gxf5 42. Kf1) 41... Qf7 $18 42. Qh4 (42. Qd6 $18 {[%cal Od2d3] is the precise move to win.} Rxd6 43. exd6) 42... Kf8 $16 43. Nb6 $1 Rd4 44. Nc8 $1 Rd5 $2 (44... Qb7 45. Qf6+ Qf7) 45. Kf1 {[%emt 0:03:33] Threatens to win with Rd1.} a5 $2 (45... Rd4 46. Rd1 Qc7 47. Qf6+ Qf7 48. Qxf7+ (48. Qh8+ Qg8 $18) 48... Kxf7 49. Nd6+ Ke7) 46. a4 $2 (46. Rd1) 46... Rd4 $18 47. Rd1 {[%emt 0:00:08] Strongly threatening Ke2.} Kg8 $2 (47... Qc7) 48. Ne7+ Kf8 49. Nc8 {[%emt 0:00:31] Ke2 is the strong threat.} Kg8 $1 50. Ne7+ $2 (50. Qg5 Nb4 51. Rxd4 cxd4 52. Qd8+ Qf8 53. Qd7 (53. Qxa5 Qxc8 54. Qxb4 Qc1+ 55. Qe1 Qc2 $11) 53... Qxh6 54. Qxe6+ (54. Qxd4 Qh1+ 55. Kf2 Qh4+ 56. Kg1 Qe1+ 57. Kh2 Qg3+ 58. Kg1 Qe1+ 59. Kh2 Nd5 $11) 54... Kh8 55. Qe8+ Kg7 56. Qe7+ Kg8 57. Nd6 Qh1+ 58. Kf2 Nd3+ 59. Ke2 Nc1+ 60. Kd2) 50... Kf8 51. Nc6 Rd5 52. Ke2 Ke8 53. Qf6 $2 (53. Nxa5 g5 54. Qh2 (54. Qxg5 $2 Rxe5+ $19) (54. Qg4 $2 Qg6 $19) 54... Nxe5 $11) (53. Rxd3 $18 {[%cal Oh4d8] White threatens Qd8+! and mate.} Rxd3 54. Kxd3 Qd7+ 55. Ke2 Qxc6 56. Qf6 (56. Qxf4 Qd5 $18)) 53... Qxf6 $16 (53... Rxe5+ 54. Qxe5 Kd7 55. Nxa5 (55. Rxd3+ Kxc6 56. Rd6+ Kb7 57. Qe4+ Ka7 58. Qc6 Qb7 59. Qxc5+ Ka8 60. Qxa5+ Qa7 61. Rd8+ Kb7 62. Rd7+ Kc8 63. Qd8#) (55. Qxc5 Ke8 56. Rxd3 Qc7 57. Rd6 Qc8 58. Qa7 Qa6+ 59. Qxa6 Kf7 60. Qc4 g5 61. Qxe6+ Kf8 62. Rd8#) 55... c4 56. bxc4 (56. Nxc4 Qf8 57. Rxd3+ Ke7 58. Qg5+ Qf6 59. Qc5+ Kf7 60. Rd7+ Kg8 61. Qc8+ Qf8 62. Rg7+ Kh8 63. Qxf8#) 56... Qf5 57. Rxd3+) 54. exf6 {[%emt 0:00:03][%mdl 4096] Endgame. KRN-KRN} Nb4 55. Nxa5 {[%emt 0:00:25] Hoping for Rxd5.} Re5+ (55... Kf7 56. Nc4 Kxf6) 56. Kf2 $18 Re3 57. Nc4 Rxb3 {[%emt 0:00:14] [#]} 58. f7+ Kxf7 59. Rd7+ Kf6 60. Rxh7 {[%emt 0:00:03] White is more active.} Kg5 61. Rh8 (61. a5 $18 Rc3 62. Ne5 Nd3+ 63. Nxd3 Rxd3 64. a6) 61... Nd5 $16 62. a5 {[%emt 0:00:46] aiming for a6.} (62. h7 Kh6 $18) 62... Rb7 ({Better is} 62... Rc3 $1 $14 63. Nd6 Rc2+ 64. Ke1 Kh5) 63. Ke2 Rb4 (63... Ra7 $142 64. Kd3 Ne7) 64. Ne5 c4 65. Nf7+ Kf6 {[%emt 0:01:07] [#]} 66. Rc8 $1 Rb2+ (66... Kxf7 $2 67. h7 Rb2+ 68. Kf1 Rb1+ 69. Kf2 $18) 67. Ke1 $2 (67. Kd1 $1 $16 Rb1+ (67... Ne3+ $2 68. Kc1 $18) 68. Kc2) 67... Rb1+ {[%emt 0:00:08] [#]} (67... Kxf7 $2 68. h7 Rb1+ 69. Kf2 $18) (67... Nb4 $1 $11) 68. Kd2 $1 {[%emt 0:00:37] And now h7 would win.} (68. Kf2 Nb4 $11 (68... Kxf7 $2 69. h7 $18) (68... Rb2+ $2 69. Kg1 $18)) 68... c3+ (68... Kxf7 $2 69. h7 Rh1 (69... c3+ $2 70. Kc2 $18) 70. h8=Q (70. h8=B Rg1 $17) 70... Rxh8 71. Rxh8 c3+ 72. Kc2 $18) 69. Kc2 Rh1 {[%emt 0:00:09] [#]} (69... Rb2+ $16 70. Kc1 Nb4 (70... Kxf7 $2 {perishes.} 71. h7 $18) 71. Rxc3 Rxg2) 70. Nd6 $2 (70. Rf8 $1 $18) 70... Ke5 71. Ne4 Rxh6 72. Nxc3 g5 (72... Rh2 73. Nxd5 Kxd5 74. a6 $18) 73. Nxd5 (73. Kb2 $16) 73... exd5 {[%emt 0:00:04] KR-KR. The position is equal.} 74. Kc3 {[%emt 0:00:02] Black must now prevent Re8+.} Rh1 {[%emt 0:00:30] ( -> ...Rc1+)} 75. Rg8 Rc1+ 76. Kd3 Rd1+ 77. Kc3 Rc1+ 78. Kb2 Rc5 79. a6 Ra5 80. Rxg5+ Kd4 81. Rg6 Ke3 82. Kc2 Ra2+ 83. Kb3 Ra1 84. Re6+ Kf2 85. Rg6 Ke3 86. Re6+ {[%emt 0:00:13] Black defended with fortune.   Weighted Error Value: White=0.60/Black=0.29 (precise) .  Loses game:     	---       	Black=1      Missed win:     	White=3     	---        Mistake:       	White=8     	Black=9      Inaccurate:     	White=4     	Black=6      OK:         	White=27    	Black=33     Best:        	White=4     	Black=12     Strong:       	White=3     	Black=2} 1/2-1/2

[Event "Serbian League 2024"]
[Site "Bajina Basta"]
[Date "2024.10.03"]
[Round "7.2"]
[White "Markus, Robert"]
[Black "Puranik, Abhimanyu"]
[Result "1/2-1/2"]
[ECO "E51"]
[WhiteElo "2586"]
[BlackElo "2639"]
[Annotator "TA"]
[PlyCount "44"]
[EventDate "2024.09.26"]
[EventType "team-tourn"]
[EventCountry "SRB"]
[SourceTitle "playchess.com"]
[Source "ChessBase"]
[SourceQuality "1"]
[TimeControl "40/5400+30:1800+30"]

1. d4 Nf6 2. Nf3 d5 3. c4 e6 4. Nc3 Bb4 5. e3 O-O 6. Bd2 c5 7. a3 Bxc3 8. Bxc3 cxd4 9. Nxd4 Re8 10. Be2 e5 11. Nb3 Nc6 12. cxd5 Nxd5 13. Rc1 e4 14. O-O Nxc3 15. Rxc3 Qg5 $1 16. Kh1 Bf5 (16... Re6 $11 {should be considered.}) 17. Rc5 {[%emt 0:10:05] [#] And now g4 would win.} Rad8 (17... Qf6 {simplifies} 18. Qc2 Re5 19. Rb5 Rxb5 20. Bxb5 Nd8) 18. Qc2 {[%emt 0:04:43][%cal Og2g4] aiming for g4!} Re5 19. Bb5 (19. Rxe5 $14 {was preferrable.} Nxe5 20. Qc7) 19... Be6 $11 {[%emt 0:04:20] The position is equal.} 20. Bxc6 Bxb3 $1 21. Rxe5 Qxe5 22. Qxb3 bxc6 {[%emt 0:01:05] Weighted Error Value: White=0.12 (very precise) /Black=0.07 (flawless) .  Mistake:       	White=1     	Black=1      Inaccurate:     	White=2     	---        OK:         	White=6     	Black=3      Best:        	White=1     	Black=2      Strong:       	---       	Black=2} 1/2-1/2

[Event "Serbian League 2024"]
[Site "Bajina Basta"]
[Date "2024.10.03"]
[Round "7.3"]
[White "Gagunashvili, Merab"]
[Black "Perunovic, Milos"]
[Result "1/2-1/2"]
[ECO "E32"]
[WhiteElo "2550"]
[BlackElo "2525"]
[Annotator "TA"]
[PlyCount "79"]
[EventDate "2024.09.26"]
[EventType "team-tourn"]
[EventCountry "SRB"]
[SourceTitle "playchess.com"]
[Source "ChessBase"]
[SourceQuality "1"]
[TimeControl "40/5400+30:1800+30"]

1. d4 Nf6 2. c4 e6 3. Nc3 Bb4 4. Qc2 d6 5. a3 Bxc3+ 6. Qxc3 Nbd7 7. Nf3 b6 8. e3 Bb7 9. Be2 O-O 10. O-O Ne4 11. Qc2 f5 12. b4 Rf6 13. Bb2 {[%emt 0:04:23] E32: Nimzo-Indian: Classical (4 Qc2): 4...0-0.} Rg6 14. d5 c5 15. Rad1 Qe7 16. Qb3 Rf8 17. Nd2 $146 ({Predecessor:} 17. Ne1 Qh4 18. Qa4 Ne5 19. Qxa7 Ba8 20. Qc7 exd5 21. cxd5 Ng5 22. Bxe5 dxe5 23. Nf3 {0-1 Li,S (2557)-Wang,H (2696) CHN-ch Xinghua Jiangsu 2009 (6)}) 17... Nxd2 18. Rxd2 e5 19. f4 Nf6 20. Bf3 exf4 (20... e4 $14 21. Be2 Bc8) 21. exf4 $16 Ne4 22. Re2 cxb4 23. axb4 b5 (23... a6 $142 24. Qd3 b5 25. cxb5 axb5 26. Qxb5 Ba8) 24. cxb5 $18 Qc7 25. Qd3 Rc8 26. Kh1 $2 (26. Bxe4 $18 {has better winning chances.} fxe4 27. Qxe4 (27. Rxe4 Qc2 $16)) 26... Qc4 $16 27. Qxc4 Rxc4 28. g4 Bxd5 29. gxf5 Rh6 (29... Rg3 $11 30. hxg3 (30. Rxe4 $2 Rxf3 31. Rxf3 Bxe4 $19) 30... Nxg3+ 31. Kg1 Nxe2+ 32. Bxe2 Rc2) 30. Kg2 (30. Kg1 $14 {feels stronger.} Rh3 31. Re3 Rxb4 32. Bxe4 Bxe4 33. Rxh3 Rxb2 34. Rc1 Bxf5 35. Re3) 30... Rh4 {[%emt 0:00:19] [#]} (30... Nf6 $1 $11 {keeps the balance.}) 31. Rd1 ({Better is} 31. Rc1 $1 {[%cal Rc1c4] Black must now prevent Rxc4.} Rxc1 32. Bxc1) 31... Bb7 $16 32. Ra1 Rxf4 33. Rxa7 Bd5 {[%emt 0:00:19] [#]} 34. Rxg7+ (34. Bxg7 $6 Rxf5 35. Bh6 Rxf3 36. Rg7+ (36. Kxf3 Nc3+ 37. Ke3 Re4+ 38. Kd2 Nxe2 $11) 36... Kh8 37. Kxf3 Nc3+ (37... Rxb4 $2 38. Ke3 $18) 38. Kf2 Nxe2 $11) (34. b6 $1 $16 {[%cal Rb6b7] And now b7 would win.} Rxf3 35. Kxf3 (35. Rxg7+ Kf8 $11) 35... Nc3+ 36. Kf2 Nxe2 37. Rxg7+ Kf8 38. Rc7 (38. Kxe2 Rc2+ 39. Ke3 Rxb2 $17) 38... Rxb4 39. Bg7+ Kg8 40. Kxe2) 34... Kf8 $11 35. Rxh7 (35. b6 $5 Rxf3 36. Kxf3 (36. b7 Rxb4 37. Kxf3 Nc3+ 38. Kf2 Nxe2 $11) 36... Nc3+ (36... Rxb4 $2 37. Ke3 $18) 37. Kf2 Nxe2 (37... Kxg7 38. Rd2 $16) 38. Rc7 (38. Kxe2 Rc2+ 39. Kd3 Rxb2 $17) 38... Rxb4 39. Bg7+ Kg8 40. Kxe2 $11) 35... Rxf3 $1 36. Rh8+ Kf7 37. Rh7+ (37. Kxf3 $5 Nc3+ $8 38. Ke3 (38. Kf2 Nxe2 39. Rh7+ Ke8 $11) 38... Nxe2 (38... Re4+ 39. Kd2 $17) 39. Rh7+ Kf8 40. Kxe2 Rc2+ (40... Rxb4 41. Ba3 $16) 41. Ke3 Rxb2 42. Rd7 Rxb4 43. h4 $15) 37... Kf8 38. Rh8+ Kf7 39. Rh7+ (39. Kxf3 $5 Nc3+ $8 40. Ke3 (40. Kf2 Nxe2 41. Rh7+ Ke8 $11) 40... Nxe2 (40... Re4+ 41. Kd2 $17) 41. Rh7+ Kf8 42. Kxe2 Rc2+ (42... Rxb4 43. Ba3 $14) 43. Ke3 Rxb2 44. Rd7 Rxb4 45. Rxd6 Rxb5 46. h4 $19) 39... Kf8 40. Rh8+ 1/2-1/2

[Event "Serbian League 2024"]
[Site "Bajina Basta"]
[Date "2024.10.03"]
[Round "7.4"]
[White "Ivanisevic, Ivan"]
[Black "Draskovic, Luka"]
[Result "1-0"]
[ECO "D23"]
[WhiteElo "2519"]
[BlackElo "2497"]
[Annotator "ChessBase"]
[PlyCount "129"]
[EventDate "2024.09.26"]
[EventType "team-tourn"]
[EventCountry "SRB"]
[SourceTitle "playchess.com"]
[Source "ChessBase"]
[SourceQuality "1"]
[TimeControl "40/5400+30:1800+30"]

1. d4 d5 2. c4 e6 3. Nc3 Nf6 4. Nf3 dxc4 5. Qa4+ Nc6 6. Bg5 h6 7. Bxf6 Qxf6 8. e3 Bd7 9. Qxc4 Bd6 10. Be2 O-O 11. O-O Qg6 12. Rfc1 a6 13. a3 Kh8 14. Qd3 Qxd3 15. Bxd3 e5 16. d5 Ne7 17. Nd2 f5 18. Nc4 Rfb8 19. Nxd6 cxd6 20. f4 e4 21. Be2 Rc8 22. Kf2 Rc5 23. Rd1 Rf8 24. Rd4 g5 25. Rad1 g4 26. h3 h5 27. Rh1 Kg7 28. hxg4 hxg4 29. a4 Rfc8 30. Ra1 Be8 31. Rad1 Bf7 32. Kg3 R8c7 33. R1d2 Rc8 34. Bd1 R8c7 35. Kf2 Rc4 36. Bb3 Rxd4 37. Rxd4 Ng8 38. Rb4 Kf8 39. Ne2 Ne7 40. Nc3 Kg7 41. a5 Kf6 42. Kg3 Bg8 43. Rc4 Rxc4 44. Bxc4 Bf7 45. b4 Be8 46. b5 axb5 47. Bxb5 Bf7 48. Bc4 Be8 49. Kf2 Ng6 50. Bb5 Bxb5 51. Nxb5 Ke7 52. Nd4 Kf6 53. Nc6 Ne7 54. Nd8 Nxd5 55. Nxb7 Ke7 56. a6 Nc7 57. a7 Ke6 58. Na5 Kd5 59. Nb3 Kc6 60. Nd4+ Kb7 61. Nxf5 Ne8 62. Kg3 Kxa7 63. Kxg4 Kb6 64. Kg5 Kc5 65. g4 1-0

[Event "Serbian League 2024"]
[Site "Bajina Basta"]
[Date "2024.10.03"]
[Round "7.5"]
[White "Bryakin, Mikhail"]
[Black "Lazic, Miroljub"]
[Result "1-0"]
[ECO "A41"]
[WhiteElo "2438"]
[BlackElo "2314"]
[Annotator "TA"]
[PlyCount "169"]
[EventDate "2024.09.26"]
[EventType "team-tourn"]
[EventCountry "SRB"]
[SourceTitle "playchess.com"]
[Source "ChessBase"]
[SourceQuality "1"]
[TimeControl "40/5400+30:1800+30"]

1. d4 d6 2. Nf3 Bg4 3. e4 Nf6 4. h3 Bxf3 5. Qxf3 c6 6. Nc3 e6 7. d5 Nbd7 8. Bf4 {[%emt 0:02:07] White is better.} Be7 9. O-O-O e5 10. Be3 cxd5 11. Nxd5 Nxd5 12. Rxd5 O-O 13. Kb1 Rc8 14. c3 {[%emt 0:10:16] White has more active pieces.} (14. Bxa7 $2 b6 15. c3 Ra8 16. Bxb6 Qxb6 $19 (16... Nxb6 $2 17. Rb5 $19)) (14. h4 $5) 14... a6 15. Be2 Qc7 16. g4 b5 17. g5 Nb6 18. Bxb6 Qxb6 {[%emt 0:00:02] Black is weak on the light squares} 19. h4 Rc5 20. Rdd1 Qc6 21. Qg4 Qc8 22. Qg2 (22. Qxc8 {simplifies} Rcxc8 23. a3 Rc5 24. f3) 22... f5 (22... Qb8 $11) 23. exf5 Qxf5+ 24. Bd3 Qf3 25. Qxf3 Rxf3 26. Rh2 Rf4 27. Bc2 g6 {[%emt 0:08:19] [#]} 28. f3 Rxf3 $15 29. h5 Rf4 ({Better is} 29... Bxg5 $15 30. hxg6 h6) 30. hxg6 $11 hxg6 31. Bb3+ (31. Bxg6 e4 $15) 31... Kg7 32. Rdh1 $1 d5 $1 (32... Bxg5 33. Rh7+ Kf8 34. Rh8+ Kg7 35. R1h7+ Kf6 36. Rf8#) 33. Rh7+ Kf8 34. R1h6 Bxg5 35. Rxg6 Bf6 36. Rd7 {[%emt 0:00:27][%mdl 1024] White has compensation.} Ke8 37. Ra7 Rf1+ 38. Kc2 Rf2+ 39. Kd3 Kf8 {[%emt 0:00:17] Dodges Rg8+} 40. Ke3 {[%emt 0:00:26] Dodges e4} Rf4 41. Rh6 d4+ $2 (41... Re4+ $1 $14 42. Kf3 (42. Kd3 Rf4 $14) 42... Rf4+ 43. Ke2 Re4+ 44. Kd3 Rf4) 42. Ke2 $18 (42. cxd4 exd4+ 43. Kd3 (43. Kxf4 Bg5+ 44. Ke4 Bxh6 $14) 43... Rcf5 $11 (43... Rf3+ 44. Ke2 $11)) 42... dxc3 43. bxc3 Ke8 $2 (43... Rxc3 $18 44. Rf7+ (44. Rxa6 Kg7 $11) 44... Ke8) 44. Rxa6 $2 (44. Rg6 Be7 45. Rg7 (45. Raxa6 Kd8 $11) 45... Re4+ 46. Kd2 Rec4 47. Raxe7+ Kf8 48. Ref7+ Ke8 49. Rh7) 44... Bd8 45. Rh8+ $2 (45. Ra8 $18) 45... Rf8 $16 46. Rh7 Rc7 47. Re6+ Re7 48. Rhxe7+ Bxe7 49. Rxe5 {[%emt 0:00:19][%mdl 4096] Endgame. KRB-KRB} Rh8 50. Rxb5 Bf6 51. Rc5 Rh3 52. Kd2 Kd7 53. Ba4+ Kd6 54. Rc6+ Ke7 55. Kc2 Rh8 56. Bb5 Be5 (56... Rh5 $16) 57. a4 $18 Ra8 58. Kb3 Ra7 59. c4 Kd8 60. Kb4 Bf4 61. Rf6 Bd2+ 62. Kc5 {[%emt 0:00:16] White wants to mate with Rd6+.} Be3+ $2 (62... Kc7 $18 63. Kd5 Kb8 64. Rf8+ Kc7) 63. Kd5 $2 (63. Kd6 {mates} Bf4+ 64. Rxf4 Rd7+ 65. Kc6 Rd1 66. a5 Ke7 67. a6 Rd8 68. a7) 63... Rg7 $2 (63... Kc7 {is a better defense.} 64. Rf7+ Kb8) 64. Kd6 Kc8 65. Bc6 Rg8 {[%emt 0:01:20] Wards off Rf8+} 66. Bd5 Rh8 $2 (66... Rd8+ 67. Kc6 Kb8) 67. Rf7 {[%emt 0:00:27] Threatens to win with a5.} Rh6+ 68. Be6+ Kb8 69. Kd5 $2 (69. a5 $18 {and the rest is easy.}) 69... Bb6 (69... Rh5+ $16 70. Bf5 Ka8) 70. Re7 Bd8 71. Rf7 Bb6 $1 72. Bd7 Bd8 73. c5 Rh5+ $2 (73... Rh4 74. Bb5 Ba5) 74. Kc6 Rh6+ 75. Kb5 {[%emt 0:00:08] Strongly threatening a5.} Rh5 76. Bf5 Rh2 77. Be4 (77. a5 $142 Ra2 78. Rf8) 77... Rh5 78. Bf5 (78. Bc6 $142 Re5 79. a5) 78... Rh2 79. Be4 $2 (79. a5 $18 {Intending Rf8 and mate.} Ra2 80. Rf8) 79... Rb2+ $2 {[%emt 0:00:21][%mdl 8192] [#]} (79... Rh5 $11) 80. Ka6 (80. Kc6 $142 Bh4 81. a5 Re2 82. Rb7+ Kc8 83. Bf5+ Kd8 84. a6 Ke8 85. a7) 80... Rb4 81. Bc6 {[%emt 0:00:11] And now a5 would win.} Kc8 82. Bd7+ Kb8 83. Bb5 {[%emt 0:00:30] White threatens Rb7+ and mate.} Re4 (83... Rd4 $18 84. Bc6 Rd2) 84. Rb7+ Ka8 85. Bc6 {[%emt 0:00:22] Weighted Error Value: White=0.30/Black=0.33.  Loses game:     	---       	Black=2      Mistake:       	White=3     	Black=8      Inaccurate:     	White=9     	Black=4      OK:         	White=29    	Black=20     Best:        	White=6     	Black=7      Strong:       	White=1     	Black=2} 1-0

[Event "Serbian League 2024"]
[Site "Bajina Basta"]
[Date "2024.10.03"]
[Round "7.6"]
[White "Miljkovic, Miroslav D"]
[Black "Lukovic, Vladimir"]
[Result "1/2-1/2"]
[ECO "D52"]
[WhiteElo "2420"]
[BlackElo "2431"]
[Annotator "TA"]
[PlyCount "41"]
[EventDate "2024.09.26"]
[EventType "team-tourn"]
[EventCountry "SRB"]
[SourceTitle "playchess.com"]
[Source "ChessBase"]
[SourceQuality "1"]
[TimeControl "40/5400+30:1800+30"]

1. d4 d5 2. c4 c6 3. Nf3 Nf6 4. Nc3 e6 5. Bg5 Nbd7 6. e3 Qa5 7. Nd2 dxc4 8. Bxf6 Nxf6 9. Nxc4 Qc7 10. g3 Bd7 11. Bg2 c5 12. d5 exd5 {[%emt 0:00:00] White has an edge.} 13. Nxd5 Nxd5 14. Qxd5 Rb8 {[%emt 0:00:00] The position is equal.} 15. O-O-O Be6 16. Nd6+ Bxd6 17. Qxd6 Qxd6 18. Rxd6 Ke7 19. Rhd1 b6 20. Kc2 Rhd8 21. Rxd8 {[%emt 0:01:31] Not much happened in this game.   Weighted Error Value: White=0.02 (flawless) /Black=0.02 (flawless) .  OK:         	White=4     	Black=7      Best:        	---       	Black=1} 1/2-1/2

[Event "Serbian League 2024"]
[Site "Bajina Basta"]
[Date "2024.10.03"]
[Round "7.8"]
[White "Szalai, Kornel"]
[Black "Eren, Ataberk"]
[Result "0-1"]
[ECO "D12"]
[WhiteElo "2388"]
[BlackElo "2386"]
[Annotator "TA"]
[PlyCount "72"]
[EventDate "2024.09.26"]
[EventType "team-tourn"]
[EventCountry "SRB"]
[SourceTitle "playchess.com"]
[Source "ChessBase"]
[SourceQuality "1"]
[TimeControl "40/5400+30:1800+30"]

1. c4 Nf6 2. Nf3 c6 3. e3 d5 4. d4 Bf5 5. Nc3 e6 6. Nh4 Bg6 7. Be2 Nbd7 8. O-O Bd6 9. g3 {[%emt 0:02:24] White is slightly better.} Qe7 10. Qb3 {[%emt 0:02:24] Hoping for Nxg6.} Rb8 11. Nxg6 (11. c5 $5 Bc7 $8 12. Qd1 $11) 11... hxg6 12. Bd2 a6 13. Qc2 dxc4 14. Rfe1 b5 15. Ne4 Nxe4 16. Qxe4 c5 17. b3 cxd4 18. bxc4 dxe3 (18... d3 $5 19. Qxd3 b4 $15) 19. Bxe3 O-O 20. Red1 Rfc8 {[%emt 0:06:45] Dodges Qc6} 21. cxb5 axb5 22. Rab1 (22. Qd3 $11 Be5 23. Rab1) 22... Nf6 $15 23. Qh4 b4 $36 {[%emt 0:02:49][%mdl 2048] Black is in control.} 24. Bc4 Bc5 {[%emt 0:03:03] aiming for ...Bxe3.} 25. Bg5 Qa7 26. Rb2 {[%emt 0:01:19] [#]} Rd8 $1 27. Rxd8+ {[%emt 0:02:07] Now White is beyond hope.} (27. Rd3 $17 {was worth a try.}) 27... Rxd8 $19 28. Bb3 Rd4 29. Qh3 Re4 30. Qf1 {[%emt 0:01:34] Inhibits Re1.} Ng4 31. Kg2 Re5 32. Bc1 $2 (32. f3 {was the only defense.}) 32... Qa8+ 33. f3 {[%emt 0:02:12] [#]} Be3 $1 {[%emt 0:02:34] White must now prevent ...Rc5. White is weak on the dark squares} 34. Re2 $2 (34. Qc4 Bxc1 35. Qxc1) 34... Bxc1 {[%emt 0:00:00] Black is clearly winning.} 35. Rxe5 Nxe5 36. Qxc1 Qxf3+ {[%emt 0:00:00] Weighted Error Value: White=0.65/Black=0.18 (very precise) .  Loses game:     	White=1     	---        Mistake:       	White=3     	---        Inaccurate:     	White=1     	Black=3      OK:         	White=7     	Black=8      Best:        	White=2     	Black=4      Strong:       	---       	Black=2} 0-1

[Event "Serbian League 2024"]
[Site "Bajina Basta"]
[Date "2024.10.03"]
[Round "7.9"]
[White "Ozsakallioglu, Okan"]
[Black "Farkas, Tibor"]
[Result "0-1"]
[ECO "B80"]
[WhiteElo "2349"]
[BlackElo "2209"]
[Annotator "TA"]
[PlyCount "62"]
[EventDate "2024.09.26"]
[EventType "team-tourn"]
[EventCountry "SRB"]
[SourceTitle "playchess.com"]
[Source "ChessBase"]
[SourceQuality "1"]
[TimeControl "40/5400+30:1800+30"]

1. e4 c5 2. Nf3 d6 3. d4 cxd4 4. Nxd4 Nf6 5. Nc3 a6 6. f3 e6 7. Be3 b5 8. Qd2 Nbd7 9. g4 h6 10. a3 Bb7 11. O-O-O Nb6 12. Qe1 Rc8 13. Kb1 e5 (13... d5 $11 {remains equal.}) 14. Nb3 Qc7 {[%emt 0:06:50] Dodges Nc5} 15. Qf2 Na4 16. Nxa4 bxa4 17. Bb6 Qb8 18. Na5 {[%emt 0:03:29] And now Ba7 would win.} Be7 19. Bc4 Nd7 20. Ba7 $36 {[%emt 0:04:29][%mdl 2048] White has strong initiative.} Qc7 21. Nxb7 Qxb7 22. Bd5 {[%emt 0:00:04] This pair of bishops is nice.} Qc7 23. Be3 Rb8 (23... Bg5 $14) 24. Rd3 $16 O-O 25. h4 Nb6 (25... Nf6 $16) 26. Bc1 $2 {[%emt 0:09:36] [#]} (26. Rc3 $18 Qxc3 27. Bxf7+ (27. bxc3 Nxd5+ 28. Ka1 Nxc3 $11) 27... Rxf7 28. bxc3) 26... Nxd5 $14 27. Rxd5 Rb6 28. Ka1 Rfb8 29. Qd2 Qb7 {[%emt 0:00:40][%cal Rb6b2] ( -> ...Rxb2)} 30. c3 Rb3 {[%emt 0:00:58][%cal Ob3a3] Strongly threatening ...Rxa3+!} 31. Qd3 $2 {[%emt 0:00:49][%mdl 8192] [#]} (31. Qc2 $11) 31... Rxb2 {[%emt 0:01:57] What a bad dream for White.   Weighted Error Value: White=0.48/Black=0.20 (precise) .  Loses game:     	White=1     	---        Missed win:     	White=1     	---        Mistake:       	---       	Black=3      Inaccurate:     	White=2     	---        OK:         	White=11    	Black=9      Best:        	White=1     	Black=1} 0-1

[Event "Serbian League 2024"]
[Site "Bajina Basta"]
[Date "2024.10.03"]
[Round "7.10"]
[White "Juhasz, Bence R"]
[Black "Ljepic, Andrej"]
[Result "0-1"]
[ECO "A31"]
[WhiteElo "2266"]
[BlackElo "2326"]
[Annotator "RC"]
[PlyCount "94"]
[EventDate "2024.09.26"]
[EventType "team-tourn"]
[EventCountry "SRB"]
[SourceTitle "playchess.com"]
[Source "ChessBase"]
[SourceQuality "1"]
[TimeControl "40/5400+30:1800+30"]

1. e4 c5 2. Nf3 a6 3. c4 e6 4. Nc3 Qc7 5. a3 d6 6. d4 cxd4 7. Nxd4 Nf6 8. Be3 Be7 9. Be2 Nbd7 10. Rc1 b6 11. O-O Bb7 12. f3 O-O 13. Qd2 Rac8 14. b4 Qb8 15. Nb3 Bd8 16. Rfd1 Bc7 17. Kh1 h6 18. Bf4 Ne5 19. Bxe5 dxe5 20. c5 Rfd8 21. Qa2 Rxd1+ 22. Rxd1 Rd8 23. Rc1 Nh5 24. g3 g5 25. cxb6 Bxb6 26. Nc5 Bxc5 27. bxc5 g4 28. Nd1 Bc6 29. Nf2 gxf3 30. Bxf3 Nf6 31. Rb1 Qc7 32. Qb2 Bb5 33. Qc3 Rd4 34. Rc1 Bc6 35. Qe3 Kg7 36. g4 Nh7 37. Bg2 Qa5 38. Qg3 f6 39. Qb3 Qd2 40. Qc2 Qe3 41. Rf1 Rd2 42. Qc1 Bb5 43. Nd1 Qe2 44. Rg1 Rc2 45. Qa1 Bc6 46. Nc3 Qd2 47. Nb1 Qe3 0-1

[Event "Serbian League 2024"]
[Site "Bajina Basta"]
[Date "2024.10.03"]
[Round "7.11"]
[White "Ivanovic, Dragutin"]
[Black "Kecskemeti, Arpad"]
[Result "1-0"]
[ECO "E85"]
[WhiteElo "2308"]
[BlackElo "2236"]
[Annotator "RC"]
[PlyCount "129"]
[EventDate "2024.09.26"]
[EventType "team-tourn"]
[EventCountry "SRB"]
[SourceTitle "playchess.com"]
[Source "ChessBase"]
[SourceQuality "1"]
[TimeControl "40/5400+30:1800+30"]

1. d4 Nf6 2. c4 g6 3. Nc3 Bg7 4. e4 d6 5. f3 O-O 6. Be3 a6 7. Qd2 Nc6 8. Nge2 e5 9. d5 Na5 10. Nc1 c5 11. Nb3 Nxb3 12. axb3 Nh5 13. Bd3 f5 14. b4 cxb4 15. Na4 Nf4 16. Nb6 Rb8 17. O-O Bh6 18. Kh1 Rf7 19. Bc2 Nh5 20. Bxh6 Qxb6 21. Be3 Qd8 22. Qxb4 b6 23. c5 f4 24. Bf2 dxc5 25. Qc3 Qd6 26. Bd3 a5 27. Rfc1 Ng7 28. Be2 Bd7 29. Qb3 g5 30. Rg1 h6 31. Be1 Kh7 32. Bc3 Ne8 33. Qc2 Nc7 34. Qb3 Rg8 35. Rgc1 g4 36. fxg4 Bxg4 37. Bf3 Rfg7 38. Rg1 Bd7 39. Be2 Ne8 40. Raf1 Bg4 41. Bf3 Rg5 42. Qb5 Bd7 43. Qb3 Nf6 44. Bd2 R5g6 45. Qd3 a4 46. Be2 b5 47. Bf3 Rc8 48. Qe2 b4 49. g3 fxg3 50. Rxg3 Rxg3 51. hxg3 c4 52. Qe3 Ng8 53. Be2 c3 54. bxc3 b3 55. Rb1 Ra8 56. c4 Qg6 57. Bc3 Nf6 58. Bxe5 Qxe4+ 59. Qxe4+ Nxe4 60. Rf1 Be8 61. Rf8 a3 62. Bd3 Bg6 63. Rxa8 Nf2+ 64. Kg2 Nxd3 65. Rh8# 1-0